 Dungeon Crawl Stone Soup version 0.26.0-16-gc1dbca0489 (console) character file.

Game seed: 5624582907214230660

3236 caaleb the Covert (level 9, 0/39 HPs)
             Began as a Spriggan Enchanter on Jan 20, 2021.
             Was a Follower of Ashenzari.
             Killed by the air
             ... invoked by Gastronok
              (30 damage)
             ... on level 9 of the Dungeon.
             The game lasted 00:47:43 (10105 turns).

caaleb the Covert (Spriggan Enchanter)             Turns: 10105, Time: 00:47:44

Health: 0/39       AC:  6    Str:  7    XL:     9   Next: 66%
Magic:  14/23      EV: 18    Int: 17    God:    Ashenzari [*.....]
Gold:   499        SH:  8    Dex: 16    Spells: 1/13 levels left

rFire    . . .     SeeInvis +   a - +6 dagger (curse)
rCold    . . .     Faith    .   k - +1 buckler
rNeg     + + +     Spirit   .   v - +2 robe
rPois    +         Reflect  .   (helmet restricted)
rElec    .         Harm     .   u - +1 cloak of Yfiac {rN+++ Will- MP+9 Stlth+}
rCorr    .         Rampage  .   (gloves unavailable)
Will     .....                  (boots unavailable)
Stlth    +++++.....             (no amulet)
HPRegen  0.13/turn              j - ring of poison resistance (curse)
MPRegen  0.18/turn              (no ring)

@: very quick
A: very small, unfitting armour, see invisible, speed 3
a: Renounce Religion, Curse Item, Scrying


You were on level 9 of the Dungeon.
You worshipped Ashenzari.
Ashenzari was aware of your devotion.
You visited 2 branches of the dungeon, and saw 10 of its levels.
You also visited: Sewer.

You collected 534 gold pieces.
You spent 35 gold pieces at shops.

Inventory:

Hand Weapons
 a - a cursed +6 dagger (weapon)
Missiles
 d - 60 poisoned darts (quivered)
Armour
 k - a +1 buckler (worn)
 u - the +1 cloak of Yfiac (worn) {rN+++ Will- MP+9 Stlth+}
   (You found it on level 7 of the Dungeon)

   It renders you almost immune to negative energy.
   It affects your willpower, your defense against some magical effects.
   It affects your magic capacity (+9).
   It makes you more stealthy.
 v - a +2 robe (worn)
Jewellery
 j - a cursed ring of poison resistance (left hand)
 l - an uncursed ring of fire
 s - a cursed ring of wizardry
Wands
 c - a wand of polymorph (12)
 r - a wand of random effects (7)
Scrolls
 b - a scroll of fear
 e - 6 scrolls of teleportation
 g - a scroll of immolation
 i - a scroll of amnesia
 m - 2 scrolls of magic mapping
 q - 2 scrolls of blinking
Potions
 f - 3 potions of mutation
 h - 2 potions of magic
 n - 2 potions of berserk rage
 o - a potion of flight
 p - 2 potions of curing
 t - a potion of brilliance {unknown}


   Skills:
 + Level 8.8 Short Blades
 - Level 3.0 Dodging
 - Level 9.7 Stealth
 + Level 4.3 Shields
 - Level 2.6 Spellcasting
 - Level 7.4 Hexes
 - Level 4.1 Ice Magic


You had one spell level left.
You knew the following spells:

 Your Spells              Type           Power        Failure   Level
a - Corona                Hex            30%          1%          1
b - Ensorcelled Hibernat  Hex/Ice        42%          3%          2
c - Confusing Touch       Hex            27%          3%          3
d - Tukima's Dance        Hex            27%          3%          3
e - Dazzling Flash        Conj/Hex       28%          14%         3

Your spell library contained the following spells:

 Spells                   Type           Power        Failure   Level


Dungeon Overview and Level Annotations

Branches:
Dungeon (9/15)             Temple (1/1) D:5           Sewer (visited)
   Lair: D:8-11         Orc: D:9-12

Altars:
Ashenzari
Cheibriados
Dithmenos
Elyvilon
Fedhas
Gozag
Hepliaklqana
Kikubaaqudgha
Makhleb
Nemelex Xobeh
Okawaru
Qazlal
Ru
Trog
Uskayaw
Vehumet
Wu Jian
Xom
Yredelemnul
Zin
The Shining One

Shops:
D:9 ?

Annotations:
D:7 Harold
D:9 Gastronok


Innate Abilities, Weirdness & Mutations

You are very small and have problems with some larger weapons.
You are too small for most types of armour.
You have supernaturally acute eyesight. (SInv)
You cover ground extremely quickly.


Message History

You hit the orc.
The orc is moderately wounded.
The orc hits you with a +0 falchion.
Casting: Ensorcelled Hibernation (safe; 3% risk of failure)
Confirm with . or Enter, or press ? or * to list all spells.
Aiming: Ensorcelled Hibernation (safe; 3% risk of failure)
Press: ? - help, Shift-Dir - straight line, f - orc
Aim: an orc, wielding a +0 falchion and wearing a +0 scale mail (moderately wounded, chance to affect: 68%)
The orc looks drowsy...
Gastronok chants a spell, wobbling all the while.
You feel sluggish. The orc barely misses you.
The helpless orc fails to defend itself.
You stick the orc like a pincushion!!!!
You kill the orc!
The orc hits you but does no damage.
Items here: ! ))) [[ ††.
Gastronok waves his eye-stalks in wide circles.
The air twists around and strikes you!!
Ouch! That really hurt!
You die...

..... Y. #. .....
h.#. ..w ##.## ...
...#####'#####o#
..............#
#..# #.##### #..##
#.#...# #o@.#
#.#.#.# #)#.#
#.#.#.#
#.#.###.#.#.##
#...w........#
####.##..##..#
#.....#......##
#####.###.#..##...#
#.......#.#..##...#
#.###.#.#.#..##...#


You could see Gastronok, a black bear (asleep), a dream sheep (asleep) and an
orc.

Vanquished Creatures
  Sigmund (D:5)
  Duvessa (D:7)
  A water moccasin (D:8)
  Purgy (Sewer)
  An ice beast (D:8)
  An orc warrior (D:9)
  A black bear (D:7)
  A phantom (D:8)
  2 centaurs
  3 ogres
  2 wyvern skeletons (D:9)
  8 scorpions
  Dowan (D:7)
  3 wights (D:8)
  3 bullfrog zombies
  5 hounds
  5 orc priests
  A jelly (D:9)
  3 bullfrog skeletons
  An iguana (D:9)
  8 orc wizards
  7 worker ants
  A hound zombie (D:8)
  4 worker ant zombies
  A gnoll (D:1)
  14 adders
  4 shadow imps
  An ooze (D:2)
  3 worms
  A dart slug (D:1)
  7 leopard geckos
  34 orcs
  4 ball pythons
  26 bats
  7 giant cockroaches
  10 goblins
  6 hobgoblins
  7 jackals
  3 quokkas
  4 frilled lizards
  2 jackal zombies
  7 kobolds
  6 rats
212 creatures vanquished.

Vanquished Creatures (others)
  5 fungi (D:8)
5 creatures vanquished.

Grand Total: 217 creatures vanquished

Notes
Turn   | Place    | Note
-------+----------+-------------------------------------------
     0 | D:1      | caaleb the Spriggan Enchanter began the quest for the Orb.
     0 | D:1      | Reached XP level 1. HP: 9/9 MP: 5/5
   141 | D:1      | Reached XP level 2. HP: 13/13 MP: 6/6
   462 | D:1      | Reached skill level 5 in Stealth
   514 | D:1      | Learned a level 2 spell: Ensorcelled Hibernation
   563 | D:1      | Reached XP level 3. HP: 3/16 MP: 1/8
  1701 | D:2      | Reached XP level 4. HP: 13/21 MP: 9/9
  1953 | D:2      | Reached skill level 1 in Ice Magic
  3333 | D:3      | Reached skill level 6 in Stealth
  3333 | D:3      | Reached XP level 5. HP: 9/24 MP: 5/10
  4004 | D:3      | Reached skill level 5 in Hexes
  4099 | D:3      | Reached XP level 6. HP: 26/28 MP: 8/11
  4566 | D:4      | Reached skill level 7 in Stealth
  4878 | D:4      | Found a glowing drain.
  4924 | Sewer    | Entered a sewer
  4957 | Sewer    | Noticed Purgy
  4974 | Sewer    | Killed Purgy
  4975 | Sewer    | Reached XP level 7. HP: 30/32 MP: 7/12
  5269 | D:4      | Learned a level 3 spell: Confusing Touch
  5273 | D:4      | Learned a level 3 spell: Tukima's Dance
  5742 | D:5      | Entered Level 5 of the Dungeon
  5855 | D:5      | Found a staircase to the Ecumenical Temple.
  5857 | D:5      | Noticed Sigmund
  5966 | Temple   | Entered the Ecumenical Temple
  5985 | Temple   | Became a worshipper of Ashenzari the Shackled
  6183 | D:5      | Reached skill level 8 in Stealth
  6585 | D:5      | Killed Sigmund
  6586 | D:5      | Reached skill level 5 in Short Blades
  6595 | D:5      | Reached XP level 8. HP: 25/36 MP: 7/13
  6704 | D:5      | Reached skill level 9 in Stealth
  6825 | D:6      | Found a shadowy altar of Dithmenos.
  6843 | D:6      | Found a bloodstained altar of Trog.
  7593 | D:6      | Reached * piety under Ashenzari
  8248 | D:7      | Got the uncursed cloak of Yfiac {rN+++ Will- MP+9 Stlth+}
  8260 | D:7      | Reached skill level 1 in Shields
  8266 | D:7      | Identified the +1 cloak of Yfiac {rN+++ Will- MP+9 Stlth+}
                  | (You found it on level 7 of the Dungeon)
  8531 | D:7      | Noticed Harold
  8562 | D:7      | Noticed Dowan
  8563 | D:7      | Noticed Duvessa
  8567 | D:7      | Killed Dowan
  8584 | D:7      | Killed Duvessa
  8585 | D:7      | Reached XP level 9. HP: 38/39 MP: 14/14
  9058 | D:8      | Found an ancient bone altar of Kikubaaqudgha.
  9123 | D:8      | Found a shadowy altar of Dithmenos.
  9652 | D:8      | Learned a level 3 spell: Dazzling Flash
  9814 | D:9      | Found Quzar's Magic Scroll Shoppe.
  9818 | D:9      | Bought a scroll of fear for 35 gold pieces
 10026 | D:9      | Noticed Gastronok
 10105 | D:9      | Killed from afar by Gastronok

Illustrated notes

Levels and vault maps discovered:
D:1:      lemuel_arrival_river_bridge, layout_loops_ring, columned_hall_lemuel
D:2:      layout_basic
D:3:      layout_basic
D:4:      layout_loops_ring, cheibrodos_sewer_entry_bend, minivault_14,
          item_on_display_b
D:5:      layout_loops_corners, minmay_temple_entry_junction, uniq_sigmund
D:6:      minmay_goblin_kobold_castle, layout_loops_ring, lemuel_doored_altar,
          basic_altar, minmay_misc_feat_cross, hangedman_abyss_or_decor_stabs,
          chequers_serial_rivers_large_b, lightli_orcish_oven
D:7:      layout_basic, uniq_harold, uniq_duvessa
D:8:      old_forge, layout_rooms, nicolae_overflow_crystal_walls,
          grunt_dithmenos_smoke_and_mirrors
D:9:      lemuel_bear_cage, layout_basic, serial_shops, shop, uniq_gastronok,
          uniq_maurice
Temple:   regret_index_temple_chain_breaker

Skill      XL: |  1  2  3  4  5  6  7  8  9 |
---------------+----------------------------+-----
Hexes          | 4 5 6 7 |  7.4
Stealth        | 5 6 7 8 9 |  9.7
Short Blades   | 2 3 4 5 6 8 |  8.8
Ice Magic      | 1 2 3 4 |  4.1
Shields        | 2 4 |  4.3
Dodging        | |  3.0
Spellcasting   | |  2.6

Action                   |  1- 3 |  4- 6 |  7- 9 || total
-------------------------+-------+-------+-------++-------
Melee: Dagger            |   151 |   213 |   348 ||   712
Throw: Dart              |       |    89 |    32 ||   121
 Cast: Corona            |     5 |     2 |     1 ||     8
       Ensorcelled Hiber |     8 |    31 |    49 ||    88
       Confusing Touch   |       |       |     7 ||     7
Invok: Curse Item        |       |       |     2 ||     2
  Use: Scroll            |       |    13 |    10 ||    23
       Potion            |       |     2 |     2 ||     4
 Stab: Sleeping          |    16 |    19 |    63 ||    98
       Confused          |       |       |     9 ||     9
       Distracted        |       |       |     1 ||     1
Armor: Robe              |    11 |    21 |    20 ||    52
       Skin              |       |     1 |       ||     1
Dodge: Dodged            |   114 |   165 |   134 ||   413
Block: Buckler           |       |       |    30 ||    30
